 Dungeon Sprint DCSS version 0.30.1-11-g7821555f0a (webtiles) character file.

Game seed: 7003344524228768863

2065 Groucho the Unseen (level 9, -10/47 HPs)
             Began as a Spriggan Enchanter on Dec 22, 2023.
             Was a Believer of Dithmenos.
             Shot with a bolt by a yaktaur (29 damage)
             ... in the Dungeon (Sprint II: "The Violet Keep of Menkaure").
             The game lasted 00:07:35 (455 turns).

Groucho the Unseen (Spriggan Enchanter)              Turns: 455, Time: 00:07:37

Health: -10/47     AC:  5    Str:  4    XL:     9   Next: 5%
Magic:  11/17      EV: 19    Int: 20    God:    Dithmenos [**....]
Gold:   138        SH:  0    Dex: 16    Spells: 4/18 levels left

rFire   . . .        a - +1 dagger
rCold   . . .        (no shield)
rNeg    . . .        b - +0 robe
rPois   .            (helmet restricted)
rElec   .            j - +2 cloak {rCorr}
rCorr   +            (gloves unavailable)
SInv    +            (boots unavailable)
Will    +....        (no amulet)
Stlth   +++++++      f - ring of flight
HPRegen 0.27/turn    (no ring)
MPRegen 0.15/turn

%: no teleportation
@: lethally poisoned (-10 -> -11), flying, slowed, wreathed by umbra, quick
A: very small, no large weapons, unfitting armour, see invisible, speed 3
a: Renounce Religion, Shadow Step


You were in the Dungeon.
You worshipped Dithmenos.
Dithmenos was pleased with you.
You visited 1 branch You collected 972 gold pieces.
You spent 834 gold pieces at shops.

Inventory:

Hand Weapons
 a - a +1 dagger (weapon)
Armour
 b - a +0 robe (worn)
 j - a +2 cloak of preservation (worn)
 k - a +0 buckler
Jewellery
 f - a ring of flight (left hand)
Scrolls
 i - a scroll of blinking
 l - a scroll of amnesia {unknown}
Potions
 c - a potion of invisibility
 d - a potion of curing
 e - a potion of heal wounds
 g - 2 potions of magic
 h - a potion of berserk rage


   Skills:
 - Level 5.0 Fighting
 - Level 10.0 Short Blades
 - Level 5.0 Dodging
 - Level 15.0 Stealth
 + Level 3.2 Shields
 - Level 5.0 Spellcasting
 + Level 3.2 Conjurations
 - Level 14.0 Hexes
 + Level 3.9 Earth Magic


You had 4 spell levels left.
You knew the following spells:

 Your Spells              Type           Power      Damage    Failure   Level
a - Ensorcelled Hibernat  Hex/Ice        66%        N/A       1%          2
b - Confusing Touch       Hex            57%        N/A       1%          3
c - Dazzling Flash        Conj/Hex       78%        N/A       1%          3
d - Tukima's Dance        Hex            57%        N/A       1%          3
e - Stone Arrow           Conj/Erth      38%        3d9       8%          3

Your spell library contained the following spells:

 Spells                   Type           Power      Damage    Failure   Level
 Animate Armour           Summ/Erth      24%        N/A       45%         4
 Lehudib's Crystal Spear  Conj/Erth      9%         10d4      100%        8


Dungeon Overview and Level Annotations

Branches:
Dungeon (1/1)

Altars:
Cheibriados
Dithmenos
Elyvilon
Fedhas
Gozag
Hepliaklqana
Kikubaaqudgha
Makhleb
Nemelex Xobeh
Okawaru
Qazlal
Ru
Sif Muna
Trog
Uskayaw
Vehumet
Wu Jian
Xom
Yredelemnul
Zin
The Shining One
Jiyva
Lugonu

Shops:
D =*:=*(![[([!?:(

Annotations:
D exclusion: oklob plant


Innate Abilities, Weirdness & Mutations

You are very small and have problems with some larger weapons.
You are too small for most types of armour.
You have supernaturally acute eyesight. (SInv)
You cover ground extremely quickly. (Speed+++)


Message History

Aiming: Ensorcelled Hibernation (safe; 1% risk of failure)
Press: ? - help, Shift-Dir - straight line, f - hornet
Aim: a hornet (umbra, chance to affect: 50%)
The hornet resists with some effort.
You feel very sick. The hornet barely misses you. The hornet stings you.
You feel as though you will be slow longer.
Casting: Ensorcelled Hibernation (safe; 1% risk of failure)
Confirm with . or Enter, or press ? or * to list all spells.
Aiming: Ensorcelled Hibernation (safe; 1% risk of failure)
Press: ? - help, Shift-Dir - straight line, f/p - hornet
Aim: a hornet (umbra, chance to affect: 50%)
The hornet looks drowsy...
You feel very sick.
The helpless hornet fails to defend itself.
You skewer the hornet like a kebab!!!!
You kill the hornet!
Dithmenos accepts your kill.
You can now step into the shadows of nearby creatures.
You feel sick.
Your Shields skill increases to level 3!
Your Conjurations skill increases to level 3!
You have reached level 9!
Your experience leads to an increase in your attributes!
Increase (S)trength, (I)ntelligence, or (D)exterity?
You feel clever. x2
You feel sick.
Okay, then.
You start resting.
You feel sick.
A yaktaur is nearby!
Casting: Ensorcelled Hibernation (safe; 1% risk of failure)
Confirm with . or Enter, or press ? or * to list all spells.
Aiming: Ensorcelled Hibernation (safe; 1% risk of failure)
Press: ? - help, Shift-Dir - straight line, f - yaktaur
Aim: a yaktaur (umbra, chance to affect: 45%)
The yaktaur resists with some effort.
You feel sick.
The yaktaur wields a +0 arbalest.
The yaktaur shoots a bolt.
The bolt hits you!!
Ouch! That really hurt!
You die... ......# #+##..# #^ k ..###.#### +.##. .##.#....# ...#### .#.####..## #..##$# $??[)

#'###.##..# +..#†c#▓!!?!)
#.###..#..# #..#.†#▓(?!$(
.<.'.##'..####..##c#▓()$$!
#.###..#....###.@.##▓▓▓▓▓▓
#'###.##....§.~~÷~~~~~~~~~
...####~~.....~#'########+#
.#..#~~~§§~~§§~#_._._...#~~
)..##~~~~§§§§§§#._._._._#§§
#+##~~~≈≈§~§§~~#_._._._.#§~
~ ~~~~~§§≈§§§§§#._._._._#§§
+#+++#~≈≈§§≈≈≈~#.._._._.#~~
° ##≈≈≈###≈≈#..._._._#~S


You could see a yaktaur.

Vanquished Creatures
  A merfolk siren (D)
  3 polar bears (D)
  A hornet (D)
  2 wyverns (D)
  A vampire mosquito (D)
  Menkaure (D)
  2 water moccasins (D)
  4 scorpions (D)
  3 worms (D)
18 creatures vanquished.

Notes
Turn   | Place    | Note
-------+----------+-------------------------------------------
     0 | D        | Groucho the Spriggan Enchanter began the quest for the Orb.
     0 | D        | Reached XP level 1. HP: 9/9 MP: 5/5
    21 | D        | Reached skill level 1 in Fighting
    21 | D        | Reached skill level 5 in Stealth
    22 | D        | Reached XP level 2. HP: 14/14 MP: 7/7
    30 | D        | Noticed a scorpion
    30 | D        | Noticed a scorpion
    30 | D        | Noticed Menkaure
    33 | D        | Noticed a merfolk siren
    42 | D        | Killed a merfolk siren
    43 | D        | Reached skill level 5 in Fighting
    43 | D        | Reached skill level 5 in Short Blades
    43 | D        | Reached skill level 5 in Dodging
    43 | D        | Reached skill level 14 in Stealth
    43 | D        | Reached skill level 5 in Spellcasting
    43 | D        | Reached skill level 5 in Hexes
    43 | D        | Reached XP level 3. HP: 23/23 MP: 7/10
    43 | D        | Reached XP level 4. HP: 27/27 MP: 8/12
    43 | D        | Reached XP level 5. HP: 30/30 MP: 8/13
    43 | D        | Reached XP level 6. HP: 35/35 MP: 8/14
    46 | D        | Learned a level 2 spell: Ensorcelled Hibernation
    50 | D        | Learned a level 3 spell: Confusing Touch
    55 | D        | Noticed a wyvern
    55 | D        | Noticed a wyvern
    58 | D        | Killed a wyvern
    59 | D        | Reached skill level 15 in Stealth
    67 | D        | Reached XP level 7. HP: 39/39 MP: 9/15
    89 | D        | Killed a wyvern
    98 | D        | Reached skill level 10 in Hexes
   107 | D        | Found an iron altar of Okawaru.
   107 | D        | Found an opulent altar of Gozag.
   108 | D        | Found a sparkling altar of Nemelex Xobeh.
   108 | D        | Found a blossoming altar of Fedhas.
   109 | D        | Found a radiant altar of Vehumet.
   109 | D        | Found a burning altar of Makhleb.
   109 | D        | Found a white marble altar of Elyvilon.
   110 | D        | Found a hide-covered altar of Uskayaw.
   110 | D        | Found a corrupted altar of Lugonu.
   110 | D        | Found a shadowy altar of Dithmenos.
   111 | D        | Found a glowing silver altar of Zin.
   111 | D        | Found a bloodstained altar of Trog.
   111 | D        | Found an ancient bone altar of Kikubaaqudgha.
   112 | D        | Found a basalt altar of Yredelemnul.
   112 | D        | Found a shimmering blue altar of Sif Muna.
   112 | D        | Found a viscous altar of Jiyva.
   113 | D        | Found a shimmering altar of Xom.
   113 | D        | Found a sacrificial altar of Ru.
   115 | D        | Found a glowing golden altar of the Shining One.
   115 | D        | Found an ornate altar of the Wu Jian Council.
   115 | D        | Found a stormy altar of Qazlal.
   115 | D        | Found a snail-covered altar of Cheibriados.
   115 | D        | Found a hazy altar of Hepliaklqana.
   124 | D        | Reached skill level 10 in Short Blades
   124 | D        | Killed Menkaure
   125 | D        | Reached XP level 8. HP: 23/43 MP: 6/16
   131 | D        | Became a worshipper of Dithmenos the Shadowed
   161 | D        | Found Atwapp's Book Shop.
   161 | D        | Found Nun Xael's Antique Weapon Boutique.
   161 | D        | Found Kiton's Antique Armour Boutique.
   161 | D        | Found Ukheph's Magic Scroll Boutique.
   161 | D        | Found Guweqiud's Antique Weapon Boutique.
   162 | D        | Found Kutro's Distillery.
   162 | D        | Found Litoss's Antique Armour Boutique.
   162 | D        | Found Iczeotir's Antique Armour Shop.
   163 | D        | Found Bojicvi's Distillery.
   163 | D        | Found Neymunaf's Weapon Boutique.
   163 | D        | Noticed a fire dragon
   165 | D        | Found Napleh's Assorted Antiques.
   165 | D        | Found Fuc Enuu's Jewellery Shop.
   165 | D        | Noticed an oklob plant
   176 | D        | Found Necyqust's Assorted Antiques.
   176 | D        | Found Vanasmape's Book Shoppe.
   176 | D        | Found Plog's Jewellery Boutique.
   343 | D        | Bought a book of Armaments for 432 gold pieces
   349 | D        | Bought a ring of flight for 175 gold pieces
   353 | D        | Bought an embroidered cloak for 142 gold pieces
   353 | D        | Bought a buckler for 85 gold pieces
   367 | D        | Noticed a flying skull
   373 | D        | Noticed a flying skull
   375 | D        | Noticed a flying skull
   418 | D        | Learned a level 3 spell: Dazzling Flash
   422 | D        | Learned a level 3 spell: Tukima's Dance
   426 | D        | Learned a level 3 spell: Stone Arrow
   441 | D        | Noticed a yaktaur
   441 | D        | Noticed a hornet
   441 | D        | Noticed a polar bear
   442 | D        | Noticed a polar bear
   442 | D        | Noticed a polar bear
   443 | D        | Killed a polar bear
   443 | D        | Reached * piety under Dithmenos
   444 | D        | Killed a polar bear
   445 | D        | Reached skill level 1 in Shields
   445 | D        | Reached skill level 1 in Conjurations
   446 | D        | Killed a polar bear
   452 | D        | Killed a hornet
   452 | D        | Reached ** piety under Dithmenos
   453 | D        | Reached XP level 9. HP: 22/47 MP: 12/17
   455 | D        | Shot with a bolt by a yaktaur

Illustrated notes

Levels and vault maps discovered:
D:        the_violet_keep_of_menkaure [sprint2_stairs_cluster_1,
          sprint2_shoproom, sprint2_temple, sprint2_basic_supplies,
          sprint2_obstacle_1, sprint2_obstacle_2, sprint2_obstacle_6,
          sprint2_obstacle_4, sprint2_obstacle_3, sprint2_timed_cluster_1,
          sprint2_smallroom_cluster_1, sprint2_smallroom_final_cluster_1,
          sprint2_transparent_cluster_1, sprint2_second_timed_cluster_1,
          sprint2_sniper_area_1, sprint2_heavy_combat_area_1,
          sprint2_mutation_trap_area_1, sprint2_forest_area_1,
          sprint2_light_combat_area_1, sprint2_behind_water_1,
          sprint2_near_end_vault_1]

Skill      XL: |  1  2  3  4  5  6  7  8 |
---------------+-------------------------+-----
Dodging        | 3 5 |  5.0
Spellcasting   | 3 5 |  5.0
Fighting       | 1 5 |  5.0
Stealth        | 5 14 15 | 15.0
Hexes          | 4 5 7 11 14 | 14.0
Short Blades   | 2 5 7 10 | 10.0
Shields        | 3 |  3.2
Conjurations   | 3 |  3.2
Earth Magic    | 3 |  3.9

Action                     |  1- 3 |  4- 6 |  7- 9 || total
---------------------------+-------+-------+-------++-------
  Melee: Dagger            |    18 |     2 |    29 ||    49
   Cast: Confusing Touch   |       |       |     3 ||     3
         Ensorcelled Hiber |       |       |     7 ||     7
    Use: Potion            |     2 |       |       ||     2
   Stab: Sleeping          |     3 |     2 |     9 ||    14
         Invisible         |     3 |       |       ||     3
         Confused          |       |       |     3 ||     3
  Dodge: Dodged            |     3 |     1 |    18 ||    22
